 Dungeon Crawl Stone Soup version 0.28.0 (webtiles) character file.

Game seed: 15741967786769725477

112 ProzacElf the Ducker (level 4, -3/35 HPs)
             Began as a Demonspawn Monk on Feb 13, 2022.
             Was an Elder of Lugonu.
             Slain by a black bear (5 damage)
             ... on level 4 of the Dungeon.
             The game lasted 00:04:05 (2621 turns).

ProzacElf the Ducker (Demonspawn Monk)              Turns: 2621, Time: 00:04:06

Health: -3/35      AC:  7    Str: 13    XL:     4   Next: 64%
Magic:  4/4        EV: 12    Int: 11    God:    Lugonu [****..]
Gold:   121        SH:  0    Dex: 16    Spells: 3/3 levels left

rFire   . . .      SeeInvis .   a - +0 falchion
rCold   . . .      Faith    .   (no shield)
rNeg    . . .      Spirit   .   c - +0 ring mail
rPois   .          Reflect  .   (helmet restricted)
rElec   .          Harm     .   (no cloak)
rCorr   .          Rampage  .   (no gloves)
Will    .....                   (no boots)
Stlth   +.........              s - amulet of the acrobat
HPRegen 0.11/turn               (no ring)
MPRegen 0.09/turn               (no ring)

@: no status effects
A: antennae 1, molten scales 1
a: Renounce Religion, Depart the Abyss, Bend Space, Banish, Corrupt


You were on level 4 of the Dungeon.
You worshipped Lugonu.
Lugonu was greatly pleased with you.
You visited 1 branch of the dungeon, and saw 4 of its levels.

You collected 121 gold pieces.

Inventory:

Hand Weapons
 a - a +0 falchion (weapon)
 t - the +2 hand axe "Yphu Ceg" {vorpal, rC+++ Int+6 Dex-4}
   (You found it on level 4 of the Dungeon)

   It inflicts extra damage upon your enemies.
   Int:       It affects your intelligence (+6).
   Dex:       It affects your dexterity (-4).
   rC:        It renders you almost immune to cold.
Missiles
 e - 103 stones
 j - 10 javelins (quivered)
 m - 37 arrows
 o - 37 bolts
 r - 2 curare-tipped darts
Armour
 b - a +0 robe
 c - a +0 ring mail (worn)
 l - a +0 plate armour
Jewellery
 s - an amulet of the acrobat (around neck)
Wands
 p - a wand of mindburst (13)
Scrolls
 d - a scroll of amnesia {unknown}
 f - a scroll of magic mapping {unknown}
 g - 4 scrolls of enchant weapon {unknown}
 n - a scroll of blinking {unknown}
 q - 3 scrolls of teleportation {unknown}
 u - a scroll of summoning {unknown}
 x - 3 scrolls of silence {unknown}
Potions
 h - a potion of brilliance {unknown}
 i - a potion of lignification {unknown}
 k - a potion of resistance {unknown}
 v - a potion of mutation {unknown}
 w - a potion of flight {unknown}


   Skills:
 - Level 3.0 Fighting
 + Level 4.0 Long Blades
 + Level 4.0 Dodging
 - Level 1.7 Stealth


You had 3 spell levels left.
You didn't know any spells.
Your spell library was empty.

Dungeon Overview and Level Annotations

Branches:
Dungeon (4/15)
 Temple: D:4-7

Altars:
Hepliaklqana
Lugonu

Shops:
D:1 (


Innate Abilities, Weirdness & Mutations

You have a pair of small antennae on your head.
You are partially covered in molten scales. (AC +2)


Message History

Tha black bear bites ye.
Tha black bear claws ye but does nay damage. x2
Ye take 6 damage, an' haf 15/35 hp.
Ye hit tha black bear but do nay damage.
Tha black bear be moderately wounded.
Tha black bear barely misses ye.
Tha black bear claws ye but does nay damage. x2
Ye hit tha black bear.
Tha black bear be heavily wounded.
Tha black bear closely misses ye.
Tha black bear claws ye but does nay damage. x2
Ye closely miss tha black bear.
Tha black bear be heavily wounded.
Tha black bear bites ye but does nay damage.
Tha black bear claws ye.
Tha black bear barely misses ye.
Ye take 1 damage, an' haf 14/35 hp.
Ye hit tha black bear but do nay damage.
Ye punch tha black bear.
Tha black bear be severely wounded.
Tha black bear bites ye.
* * * LOW HITPOINT WARNIN'
* * * Tha black bear misses ye.
Tha black bear barely misses ye.
Ye take 4 damage, an' haf 10/35 hp.
Ye hit tha black bear.
Tha black bear be severely wounded.
Tha black bear bites ye.
* * * LOW HITPOINT WARNIN'
* * * Tha black bear claws ye but does nay damage.
Tha black bear barely misses ye.
Ye take 5 damage, an' haf 5/35 hp.
Ye hit tha black bear but do nay damage.
Tha black bear be severely wounded.
Tha black bear barely misses ye.
Tha black bear claws ye.
* * * LOW HITPOINT WARNIN'
* * * Tha black bear closely misses ye.
Ye take 4 damage, an' haf 1/35 hp.
Press: ? - help, Shift-Dir - straight line, f - black bear
Aim: a black bear (severely wounded, chance ta affect: 78%) Ye fail ta use yer ability.
Tha black bear bites ye.
Ye die...

#.####...<...............#..
# #..............<.....###
##....................##
#....#.#.##...........#
##....#####.............
#......# #..<.......###
####.##.## ##.........####
###..#..#..###.........####.
#..........@ho..#.........#.
#.#.......#######...........
#.........# ####....#......
#####..#..# ##.......#.#....
####..###.....########..
##.....#....# #.).
#...>.###...# #..# #....##
...## #### ##.### #...#


You could see a black bear and an orc.

Vanquished Creatures
  A howler monkey skeleton (D:4)
  4 adders
  A worm (D:3)
  2 dart slugs
  2 orcs (D:4)
  9 ball pythons
  2 bats (D:1)
  4 endoplasms
  A giant cockroach (D:4)
  4 goblins
  9 hobgoblins
  2 quokkas
  3 frilled lizards (D:2)
  A jackal skeleton (D:4)
  5 kobolds
  7 rats
57 creatures vanquished.

Notes
Turn   | Place    | Note
-------+----------+-------------------------------------------
     0 | D:1      | ProzacElf the Demonspawn Monk began the quest for the Orb.
     0 | D:1      | Reached XP level 1. HP: 18/18 MP: 1/1
   236 | D:1      | Gained mutation: You are partially covered in molten
                  | scales. (AC +2) [demonic ancestry]
   236 | D:1      | Reached XP level 2. HP: 24/24 MP: 2/2
   510 | D:1      | Found a faded altar of an unknown god.
   513 | D:1      | Prayed at the altar of an unknown god.
   513 | D:1      | Became a worshipper of Lugonu the Unformed
   513 | D:1      | Reached * piety under Lugonu
   513 | D:1      | Reached ** piety under Lugonu
   513 | D:1      | Reached *** piety under Lugonu
   532 | D:1      | Found Zyocicya's Antique Weapon Boutique.
   915 | D:1      | Gained mutation: You have a pair of small antennae on your
                  | head. [demonic ancestry]
   915 | D:1      | Reached XP level 3. HP: 25/29 MP: 3/3
  1182 | D:2      | Found a hazy altar of Hepliaklqana.
  1242 | D:2      | Reached **** piety under Lugonu
  1534 | D:3      | Reached XP level 4. HP: 30/35 MP: 4/4
  2390 | D:4      | Identified the +2 hand axe "Yphu Ceg" {vorpal, rC+++ Int+6
                  | Dex-4}
  2582 | D:4      | Noticed a black bear
  2620 | D:4      | HP: 1/35 [black bear (4)]
  2621 | D:4      | Slain by a black bear

Illustrated notes

Levels and vault maps discovered:
D:1:      dpeg_arrival_water_temple_mockup, layout_basic,
          hellmonk_ecumenical_altar_inner_sanctum, serial_shops,
          nicolae_shop_advertising_works [nicolae_subvault_shop_adworks]
D:2:      layout_rooms, basic_altar
D:3:      layout_loops_cross, minmay_pentomino_pile
D:4:      layout_cave_pools, wad_orctagon

Skill      XL: |  1  2  3  4 |
---------------+-------------+-----
Long Blades    | 3 4 |  4.0
Dodging        | 3 4 |  4.0
Fighting       | |  3.0
Stealth        | |  1.7

Action                   |  1- 3 |  4- 6 || total
-------------------------+-------+-------++-------
Melee: Falchion          |   113 |    98 ||   211
       Punch             |       |     3 ||     3
 Stab: Sleeping          |     1 |     2 ||     3
Armor: Ring mail         |    38 |    50 ||    88
Dodge: Dodged            |    75 |    80 ||   155
